 Dungeon Crawl Stone Soup version 0.19.5 (webtiles) character file.

79 Monsterracer the Cudgeler (level 4, 0/45 HPs)
             Began as an Ogre Hunter on July 18, 2017.
             Succumbed to an adder's poison
             ... on level 2 of the Dungeon.
             The game lasted 00:07:23 (1363 turns).

Monsterracer the Cudgeler (Ogre Hunter)             Turns: 1363, Time: 00:07:23

Health: 0/45       AC:  3    Str: 18    XL:     4   Next: 37%
Magic:  4/4        EV: 10    Int: 15    God:
Gold:   62         SH:  0    Dex: 10    Spells: 0 memorised, 3 levels left

rFire  . . .     SeeInvis .     a - +0 mace
rCold  . . .     Gourm    .     b - +0 robe
rNeg   . . .     Faith    .     (no shield)
rPois  .         Spirit   .     (helmet restricted)
rElec  .         Reflect  .     (no cloak)
rCorr  .         Harm     .     (gloves unavailable)
MR     .....                    (boots unavailable)
Stlth  +.........               (no amulet)
                                (no ring)
                                (no ring)

@: brilliant, lethally poisoned (0 -> -13), very slightly contaminated, hasted,
very quick
A: unfitting armour, tough skin 1
a: no special abilities


You were on level 2 of the Dungeon.
You were hungry.

You visited 1 branch of the dungeon, and saw 2 of its levels.

You collected 62 gold pieces.

Inventory:

Hand Weapons
 a - a +0 mace (weapon)
Missiles
 c - 5 large rocks
 d - 2 throwing nets
 n - 34 stones (quivered)
 q - 6 poisoned needles
Armour
 b - a +0 robe (worn)
Wands
 r - a wand of polymorph (8/24)
 t - a wand of slowing (19/48)
Scrolls
 e - 2 scrolls of immolation {unknown}
 g - 2 scrolls of remove curse {unknown}
 h - a scroll of enchant weapon {unknown}
 m - a scroll of teleportation {unknown}
 p - a scroll of noise {unknown}
Comestibles
 f - 2 bread rations
 i - a slice of pizza
 j - a royal jelly
 k - a meat ration
 u - a chunk of flesh


   Skills:
 + Level 3.2 Fighting
 * Level 4.3 Maces & Flails
 - Level 4.0 Throwing
 + Level 2.1 Dodging
 - Level 0.6 Stealth


You had 3 spell levels left.
You didn't know any spells.

Dungeon Overview and Level Annotations

Branches:
Dungeon (2/15)

Altars:

Annotations:
D:2 Robin


Innate Abilities, Weirdness & Mutations

You are too large for most types of armour.
You have tough skin. (AC +1)


Message History

You feel sick. The goblin hits you with a dagger.
* * * LOW HITPOINT WARNING * * *
The adder bites you but does no damage. The goblin hits you with a dagger.
* * * LOW HITPOINT WARNING * * *
Huge Dmg: -13%(-6hp) hp: 14%(6hp) It was a potion of haste.
You feel yourself speed up. The adder completely misses you.
The adder bites you.
* * * LOW HITPOINT WARNING * * *
You are more poisoned.
The adder poisons you! The goblin hits you with a dagger.
* * * LOW HITPOINT WARNING * * *
You are very lightly contaminated with residual magic.
Huge Dmg: -9%(-4hp) hp: 5%(2hp) It was a potion of brilliance.
You feel clever all of a sudden.
* * * LOW HITPOINT WARNING * * *
You feel sick. The adder barely misses you.
Huge Dmg: -2%(-1hp) hp: 3%(1hp) It was a potion of cure mutation.
It has a very clean taste.
You die...

#....#..##
#....%.# ##
#..(...# #..
#......# #...
#.....<+ #....
#.S....#
#.....###.(.gg#
#........#..#S#
#.....##.#)##@#
###.# #.#.##g#
# #.#g.gg#
#.###### #.#
######### #.#
#.......# #.#
#.......# #.#
#.....).# #.#


You could see an adder, a hobgoblin and 4 goblins.

Vanquished Creatures
  Jessica (D:2)
  An adder (D:2)
  A worm (D:2)
  A leopard gecko (D:1)
  2 giant cockroaches (D:1)
  6 hobgoblins
  4 jackals (D:1)
  2 kobolds
  6 bats
  A frilled lizard (D:1)
  7 goblins
  6 rats
38 creatures vanquished.

Notes
Turn   | Place    | Note
-------+----------+-------------------------------------------
     0 | D:1      | Monsterracer the Ogre Hunter began the quest for the Orb.
     0 | D:1      | Reached XP level 1. HP: 22/22 MP: 1/1
    29 | D:1      | Reached skill level 1 in Maces & Flails
    99 | D:1      | Reached XP level 2. HP: 26/29 MP: 2/2
   715 | D:1      | Reached XP level 3. HP: 29/36 MP: 3/3
  1213 | D:2      | Noticed Jessica
  1222 | D:2      | Killed Jessica
  1222 | D:2      | Reached XP level 4. HP: 39/45 MP: 4/4
  1326 | D:2      | Noticed Robin
  1361 | D:2      | HP: 2/45 [goblin/dagger[Robin] (1)]
  1363 | D:2      | Succumbed to an adder's poison

Skill      XL: |  1  2  3 |
---------------+----------+-----
Maces & Flails | 2 3 4 |  4.3
Fighting       | 3 |  3.2
Dodging        | 2 |  2.1
Throwing       | |  4.0
Stealth        | |  0.6

Action                   |  1- 3 |  4- 6 || total
-------------------------+-------+-------++-------
Melee: Mace              |   113 |    21 ||   134
       Short sword       |     1 |       ||     1
Throw: Stone             |    37 |     9 ||    46
       Throwing net      |     2 |       ||     2
       Large rock        |     1 |       ||     1
  Use: Potion            |       |     3 ||     3
  Eat: Chunk             |     1 |       ||     1
Armor: Robe              |    48 |    11 ||    59
Dodge: Dodged            |    80 |    18 ||    98
